cohdb
Replays
Latest Replays
All Replays
Popular Replays
Top Player Replays
Match Explorer
How It Works
Community
CoH3 Stats
Reddit
Sign in to upload your games and track your stats! →
Sign in with Steam
Match 41856684
Unlisted
Match 41856684
Overview
Messages
Build Orders
End
Panzerpioneer Squad
Panzerpioneer Squad
250 Light Carrier
Panzerpioneer Squad
Construct Light Support Kompanie
Selects Panzerjäger Kommand Battlegroup
Combat Half-tracks
Assault Grenadier Squad
Assault Grenadier Squad
Fire Support Elements
Panzerjäger Mechanized Group
Selects Tank Busters
Selects Mine Fields
Selects Defensive Positions
Flakvierling Half-track
Vehicle Survival Package
Construct Panzerarmee Kommand
Selects Crew Shock Tactics
Panzer III L Medium Tank
Crew Shock Tactics
Armored Reserves
Assault Grenadier Squad
Selects Anti-tank Overwatch
Panzer IV Assault Group
Crew Shock Tactics
Emergency Repair Kits
Pak 38 Anti-tank Gun Team
Flak 36 Anti-tank Gun Team
Crew Shock Tactics
Panzer IV Assault Group
Walking Stuka Rocket Launcher
Assault Grenadier Squad
Chad Kensington
ryuklikesapples
^3
DIV 250 BigBoss
0
0
Comments
sign in to comment!
No comments posted yet!